 Dungeon Crawl Stone Soup version 0.28-a0-1087-gf3fc490d9d (webtiles) character file.

Game seed: 2555262185517812821

37 bande the Skirmisher (level 3, -7/24 HPs)
             Began as a Gargoyle Fighter on Dec 11, 2021.
             Mangled by a gnoll (9 damage)
             ... on level 1 of the Dungeon.
             The game lasted 00:02:58 (1266 turns).

bande the Skirmisher (Gargoyle Fighter)             Turns: 1266, Time: 00:02:58

Health: -7/24      AC: 10    Str: 19    XL:     3   Next: 41%
Magic:  3/3        EV:  9    Int:  8    God:
Gold:   40         SH:  4    Dex: 11    Spells: 2/2 levels left

rFire   . . .      SeeInvis .   a - +1 war axe
rCold   . . .      Faith    .   c - +0 buckler
rNeg    + . .      Spirit   .   b - +0 scale mail
rPois   ∞          Reflect  .   (no helmet)
rElec   +          Harm     .   (no cloak)
rCorr   .          Rampage  .   (no gloves)
Will    .....                   (no boots)
Stlth   ..........              (no amulet)
HPRegen 0.08/turn               (no ring)
MPRegen 0.08/turn               (no ring)

@: mighty
A: sickness immunity, AC +3, negative energy resistance 1, electricity
resistance, torment resistance 1, petrification resistance
a: no special abilities


You were on level 1 of the Dungeon.
You visited 1 branch of the dungeon, and saw 2 of its levels.

You collected 40 gold pieces.

Inventory:

Hand Weapons
 a - a +1 war axe (weapon)
Armour
 b - a +0 scale mail (worn)
 c - a +0 buckler (worn)
Potions
 g - a potion of haste
 j - a potion of flight


   Skills:
 + Level 3.7 Fighting
 + Level 2.3 Axes
 + Level 3.6 Armour
 + Level 3.6 Shields


You had 2 spell levels left.
You didn't know any spells.
Your spell library was empty.

Dungeon Overview and Level Annotations

Branches:
Dungeon (2/15)

Altars:


Innate Abilities, Weirdness & Mutations

You are immune to sickness and miasma.
Your stone body is resilient. (AC +3)
You are immune to poison.
You resist negative energy. (rN+)
You are resistant to electric shocks. (rElec)
You are resistant to unholy torment.
You are immune to petrification.


Message History

You closely miss the adder.
The adder is heavily wounded.
The adder bites you. The adder barely misses you.
You closely miss the adder.
The adder is heavily wounded.
The adder bites you but does no damage. x2
You miss the adder.
The adder is heavily wounded.
The adder bites you but does no damage. You block the adder's attack.
You miss the adder.
The adder is heavily wounded.
A gnoll comes into view. It is wielding a +0 flail.
The adder closely misses you. You block the gnoll's attack.
You barely miss the adder.
The adder is heavily wounded.
You barely miss the gnoll. You block the adder's attack.
A gnoll comes into view. It is wielding a +2 flail of pain.
The adder bites you but does no damage. The gnoll hits you with a +0 whip!
* * * LOW HITPOINT WARNING * * *
You hit the adder.
The adder is almost dead.
You hit the gnoll. The adder bites you but does no damage.
The gnoll closely misses you. The adder bites you but does no damage.
Unknown command.
A giant cockroach comes into view.
Unknown command.
The gnoll hits you with a +2 flail of pain.
* * * LOW HITPOINT WARNING * * *
There is a stone staircase leading up here.
You feel your willpower return. You block the giant cockroach's attack.
The gnoll hits you but does no damage. The gnoll barely misses you.
You climb upwards.
There is a stone staircase leading down here.
You see here a +0 club.
You feel very mighty all of a sudden.
The giant cockroach bites you but does no damage.
The gnoll hits you but does no damage.
The gnoll hits you with a +2 flail of pain!
You die...

#.#### #..(.# #.##. #....#
#.#### ##.##. ####.#
#.########### #..... #.#
#...........# #..### #.#
#..########.#### #..# #.# #..#
#.......# #..# #.# #..#
#.#####.# #..#
#.######..#####.# #.###..#
#.#.........g@g.# #......#
#.#.#####.###B#.# #.##.###
#.#.# #.# #.#.#####.##.#####
#.#.# #.# #.#.......##......
#.#.#####.###.#.##.##########.
###..................# #.
#.....)...........#### #.
##.###.#####.####### #. ...#
#.# #.# #.


You could see 2 gnolls and a giant cockroach.

Vanquished Creatures
  3 ball pythons
  4 bats
  3 endoplasms (D:1)
  2 giant cockroaches (D:1)
  2 goblins
  2 hobgoblins (D:1)
  4 jackals (D:1)
  6 kobolds (D:1)
  A quokka (D:1)
  2 frilled lizards (D:1)
  4 rats (D:1)
33 creatures vanquished.

Notes
Turn   | Place    | Note
-------+----------+-------------------------------------------
     0 | D:1      | bande the Gargoyle Fighter began the quest for the Orb.
     0 | D:1      | Reached XP level 1. HP: 14/14 MP: 1/1
   186 | D:1      | Reached XP level 2. HP: 19/19 MP: 2/2
   613 | D:1      | Reached XP level 3. HP: 22/24 MP: 3/3
  1262 | D:2      | HP: 1/24 [gnoll (4)]
  1266 | D:1      | Mangled by a gnoll

Illustrated notes

Levels and vault maps discovered:
D:1:      erik_arrival_triangle_large, layout_loops_ring, minivault_5
D:2:      layout_rooms, serial_shops, nicolae_square_shop,
          kennysheep_generic_room_3

Skill      XL: |  1  2 |
---------------+-------+-----
Axes           | 2 |  2.3
Fighting       | |  3.7
Armour         | |  3.6
Shields        | |  3.6

Action                   || total
-------------------------++-------
Melee: War axe           ||   100
  Use: Scroll            ||     5
       Potion            ||     1
Armor: Scale mail        ||    85
Dodge: Dodged            ||    50
Block: Buckler           ||    28

Table legend: (Time is in decaauts)
 A = Elapsed time spent in this place.
 B = Non-inter-level travel time spent in this place.
 C = Inter-level travel time spent in this place.
 D = Time resting spent in this place.
 E = Time spent auto-exploring this place.
 F = Levels seen in this place.
 G = Mean time per level.
                   A        B        C        D        E       F      G
               +--------+--------+--------+--------+--------+-----+--------+
         Total |   1307 |   1240 |     67 |      0 |    970 |   2 |  653.5 |
       Dungeon |   1307 |   1240 |     67 |      0 |    970 |   2 |  653.5 |
               +--------+--------+--------+--------+--------+-----+--------+

Top non-repeatable levels by time:
     D:1: 1257 daAuts
     D:2: 50 daAuts
